% Time on Ice - LAS VEGAS LIZARD KINGS
Lines # - Real PCT - Wanted PCT - Time Play
Normal Forward
1 - 36% - 37% - 20:27
2 - 29% - 30% - 16:22
3 - 25% - 25% - 13:59
4 - 9% - 8% - 5:14
Normal Defense
1 - 37% - 40% - 20:42
2 - 36% - 35% - 20:22
3 - 27% - 25% - 14:58
4 - 0% - 0% - 0:00
PP Forward
1 - 42% - 65% - 1:40
2 - 58% - 35% - 2:18
PP Defense
1 - 66% - 55% - 2:37
2 - 34% - 45% - 1:21
PK Forward
1 - 0% - 55%
2 - 0% - 45%
PK Defense
1 - 0% - 60%
2 - 0% - 40%
PK3 Forward
1 - 0% - 55%
2 - 0% - 45%
PK3 Defense
1 - 0% - 55%
2 - 0% - 45%
44 Forward
1 - 0% - 55%
2 - 0% - 45%
44 Defense
1 - 0% - 55%
2 - 0% - 45%
Last Minute Offensive  - 0:00
Last Minute Defensive  - 0:00
Total
Forward - 60:00
Defense - 60:00
% Time on Ice - LOS ANGELES SEALS
Lines # - Real PCT - Wanted PCT - Time Play
Normal Forward
1 - 37% - 36% - 20:39
2 - 24% - 31% - 13:16
3 - 21% - 26% - 11:30
4 - 19% - 7% - 10:37
Normal Defense
1 - 37% - 36% - 20:31
2 - 32% - 31% - 17:44
3 - 24% - 23% - 13:11
4 - 8% - 10% - 4:36
PP Forward
1 - 0% - 55%
2 - 0% - 45%
PP Defense
1 - 0% - 55%
2 - 0% - 45%
PK Forward
1 - 59% - 55% - 2:20
2 - 41% - 45% - 1:38
PK Defense
1 - 47% - 55% - 1:53
2 - 53% - 45% - 2:05
PK3 Forward
1 - 0% - 55%
2 - 0% - 45%
PK3 Defense
1 - 0% - 55%
2 - 0% - 45%
44 Forward
1 - 0% - 55%
2 - 0% - 45%
44 Defense
1 - 0% - 55%
2 - 0% - 45%
Last Minute Offensive  - 0:00
Last Minute Defensive  - 0:00
Total
Forward - 60:00
Defense - 60:00
Play-by-Play 1st period 0:01 of 1st period - David Krejci wins face-off versus Ryan Nugent-Hopkins in neutral zone. 0:27 of 1st period - Shot by Claude Giroux. 0:27 of 1st period - Stopped by Sergei Bobrovsky without a rebound. 0:28 of 1st period - Dylan Strome wins face-off versus Jeff Carter in LAS VEGAS LIZARD KINGS zone. 0:29 of 1st period - Shot by Mikael Backlund. 0:29 of 1st period - Deflect By Jonathan Audy-Marchessault. 0:29 of 1st period - Shot Blocked by John Marino. 0:45 of 1st period - Shot by Evan Rodrigues. 0:45 of 1st period - Shot Misses the Net. 1:58 of 1st period - Icing by Jacob Bryson. 1:59 of 1st period - David Krejci wins face-off versus Ty Dellandrea in LAS VEGAS LIZARD KINGS zone. 2:04 of 1st period - Shot by Nikita Kucherov. 2:04 of 1st period - Shot Misses the Net. 2:22 of 1st period - Shot by Nikita Kucherov. 2:22 of 1st period - Stopped by Sergei Bobrovsky without a rebound. 2:23 of 1st period - Dylan Strome wins face-off versus Ryan Nugent-Hopkins in LAS VEGAS LIZARD KINGS zone. 3:37 of 1st period - Shot by Nikita Kucherov. 3:37 of 1st period - Shot Misses the Net. 3:39 of 1st period - Shot by Brandon Carlo. 3:39 of 1st period - Stopped by Sergei Bobrovsky without a rebound. 3:40 of 1st period - Ty Dellandrea wins face-off versus Mason McTavish in LAS VEGAS LIZARD KINGS zone. 3:47 of 1st period - Vladislav Namestnikov is hit by Mason McTavish and loses puck. 4:59 of 1st period - Shot by Claude Giroux. 4:59 of 1st period - Shot Hit the Post. 5:12 of 1st period - Nikita Kucherov is hit by Patrik Nemeth. 5:39 of 1st period - Icing by Brayden McNabb. 5:40 of 1st period - Dylan Strome wins face-off versus Joe Pavelski in LAS VEGAS LIZARD KINGS zone. 6:25 of 1st period - Owen Tippett is hit by Johnny Gaudreau and loses puck. 6:47 of 1st period - Shot by Brandon Hagel. 6:47 of 1st period - Shot Blocked by Drew Doughty. 6:49 of 1st period - Shot by Brandon Hagel. 6:49 of 1st period - Stopped by Carter Hart without a rebound. 6:50 of 1st period - David Krejci wins face-off versus Vladislav Namestnikov in LOS ANGELES SEALS zone. 6:57 of 1st period - Shot by Nikita Kucherov. 6:57 of 1st period - Shot Misses the Net. 7:20 of 1st period - Shot by Ty Dellandrea. 7:20 of 1st period - Stopped by Carter Hart with a rebound. 7:22 of 1st period - Shot by Vladislav Namestnikov. 7:22 of 1st period - Shot Misses the Net. 7:24 of 1st period - Shot by Ty Dellandrea. 7:24 of 1st period - Stopped by Carter Hart without a rebound. 7:25 of 1st period - Mason McTavish wins face-off versus Jeff Carter in LOS ANGELES SEALS zone. 7:38 of 1st period - Ben Chiarot is hit by Jeff Carter and loses puck. 8:10 of 1st period - Shot by Jeff Carter. 8:10 of 1st period - Stopped by Carter Hart with a rebound. 8:32 of 1st period - Shot by Johnny Gaudreau. 8:32 of 1st period - Stopped by Carter Hart without a rebound. 8:33 of 1st period - Mikael Backlund wins face-off versus Ty Dellandrea in LOS ANGELES SEALS zone. 9:39 of 1st period - Icing by Gustav Forsling. 9:40 of 1st period - David Krejci wins face-off versus Ryan Nugent-Hopkins in LOS ANGELES SEALS zone. 9:40 of 1st period - David Krejci is hit by Joe Pavelski. 9:48 of 1st period - Shot by Nikita Kucherov. 9:48 of 1st period - Goal by Nikita Kucherov - LAS VEGAS LIZARD KINGS : 0 - LOS ANGELES SEALS : 1. 9:49 of 1st period - David Krejci wins face-off versus Ryan Nugent-Hopkins in neutral zone. 9:56 of 1st period - Shot by Nikita Kucherov. 9:56 of 1st period - Deflect By Claude Giroux. 9:56 of 1st period - Shot Blocked by Matt Roy. 10:04 of 1st period - Shot by Ryan Nugent-Hopkins. 10:04 of 1st period - Shot Misses the Net. 10:27 of 1st period - Minor Penalty to Ben Chiarot for High sticking. 10:28 of 1st period - Mikael Backlund wins face-off versus Brandon Hagel in LOS ANGELES SEALS zone. 10:38 of 1st period - Icing by Jeff Carter. 10:39 of 1st period - Mikael Backlund wins face-off versus Jeff Carter in LAS VEGAS LIZARD KINGS zone. 11:06 of 1st period - Shot by Jeff Carter. 11:06 of 1st period - Stopped by Carter Hart without a rebound. 11:07 of 1st period - Jake Evans wins face-off versus Ryan Nugent-Hopkins in LOS ANGELES SEALS zone. 11:37 of 1st period - Shot by Joe Pavelski. 11:37 of 1st period - Stopped by Carter Hart without a rebound. 11:38 of 1st period - Mikael Backlund wins face-off versus Jeff Carter in LOS ANGELES SEALS zone. 11:38 of 1st period - Mikael Backlund is hit by Victor Olofsson. 12:17 of 1st period - Shot by Jake Evans. 12:17 of 1st period - Shot Blocked by Matt Roy. 12:19 of 1st period - Shot by Gustav Forsling. 12:19 of 1st period - Shot Misses the Net. 12:41 of 1st period - Shot by Owen Tippett. 12:41 of 1st period - Stopped by Sergei Bobrovsky without a rebound. 12:42 of 1st period - Ty Dellandrea wins face-off versus David Krejci in LAS VEGAS LIZARD KINGS zone. 13:08 of 1st period - David Krejci is hit by Patrik Nemeth and loses puck. 13:15 of 1st period - Shot by Drew Doughty. 13:15 of 1st period - Stopped by Sergei Bobrovsky without a rebound. 13:16 of 1st period - Mikael Backlund wins face-off versus Ryan Nugent-Hopkins in LAS VEGAS LIZARD KINGS zone. 13:27 of 1st period - Shot by Mikael Backlund. 13:27 of 1st period - Stopped by Sergei Bobrovsky without a rebound. 13:28 of 1st period - Dylan Strome wins face-off versus Jeff Carter in LAS VEGAS LIZARD KINGS zone. 15:10 of 1st period - Shot by David Krejci. 15:10 of 1st period - Shot Blocked by Matt Roy. 15:12 of 1st period - Shot by Nikita Kucherov. 15:12 of 1st period - Shot Hit the Post. 15:37 of 1st period - Shot by Jordan Greenway. 15:37 of 1st period - Deflect By Victor Olofsson. 15:37 of 1st period - Goal by Victor Olofsson - LAS VEGAS LIZARD KINGS : 1 - LOS ANGELES SEALS : 1. 15:38 of 1st period - Mikael Backlund wins face-off versus Ty Dellandrea in neutral zone. 15:41 of 1st period - Ty Dellandrea is hit by Mikael Backlund and loses puck. 16:41 of 1st period - Shot by Evan Rodrigues. 16:41 of 1st period - Stopped by Carter Hart without a rebound. 16:42 of 1st period - David Krejci wins face-off versus Luke Glendening in LOS ANGELES SEALS zone. 17:08 of 1st period - Shot by Claude Giroux. 17:08 of 1st period - Shot Misses the Net. 17:43 of 1st period - Shot by Jeff Carter. 17:43 of 1st period - Shot Blocked by Gustav Forsling. 17:45 of 1st period - Shot by Brandon Hagel. 17:45 of 1st period - Shot Misses the Net. 18:31 of 1st period - Shot by Ryan Nugent-Hopkins. 18:31 of 1st period - Shot Misses the Net. 18:33 of 1st period - Shot by Joe Pavelski. 18:33 of 1st period - Stopped by Carter Hart without a rebound. 18:34 of 1st period - Mikael Backlund wins face-off versus Ty Dellandrea in LOS ANGELES SEALS zone. 19:36 of 1st period - Icing by Dmitry Kulikov. 19:37 of 1st period - Ty Dellandrea wins face-off versus Mason McTavish in LAS VEGAS LIZARD KINGS zone. Goals for this period are 1 for LAS VEGAS LIZARD KINGS vs 1 for LOS ANGELES SEALS. Shots for this period are 10 for LAS VEGAS LIZARD KINGS vs 7 for LOS ANGELES SEALS. 2nd period 0:01 of 2nd period - Ryan Nugent-Hopkins wins face-off versus Mikael Backlund in neutral zone. 0:04 of 2nd period - Shot by Joe Pavelski. 0:04 of 2nd period - Stopped by Carter Hart without a rebound. 0:05 of 2nd period - Dylan Strome wins face-off versus Jeff Carter in LOS ANGELES SEALS zone. 0:05 of 2nd period - Dylan Strome is hit by Jeff Carter. 0:35 of 2nd period - Shot by Evan Rodrigues. 0:35 of 2nd period - Stopped by Carter Hart without a rebound. 0:36 of 2nd period - Ryan Nugent-Hopkins wins face-off versus David Krejci in LOS ANGELES SEALS zone. 1:23 of 2nd period - Shot by Joe Pavelski. 1:23 of 2nd period - Stopped by Carter Hart without a rebound. 1:24 of 2nd period - Jeff Carter wins face-off versus Mikael Backlund in LOS ANGELES SEALS zone. 1:33 of 2nd period - Shot by Jeff Carter. 1:33 of 2nd period - Stopped by Carter Hart without a rebound. 1:34 of 2nd period - Jeff Carter wins face-off versus Mikael Backlund in LOS ANGELES SEALS zone. 2:23 of 2nd period - Icing by Brayden McNabb. 2:24 of 2nd period - Jeff Carter wins face-off vers